[Event "Titled Tuesday Blitz September 13 Early 2022"]
[White "Pap, Gyula"]
[Black "Kamsky, Gata"]
[WhiteFideId "725323"]
[BlackFideId "2000024"]
[WhiteElo "2519"]
[BlackElo "2666"]
[Result "0-1"]
[Round "10"]
[TimeControl "180+1"]
[Date "2022.09.13"]
[WhiteClock "0:00:01"]
[BlackClock "0:00:03"]

1. d4 f5 2. Nc3 Nf6 3. Bg5 d5 4. f3 c6 5. Qd2 b5 6. a3 e6 7. e4 Be7 8. e5 Nfd7 9. Bxe7 Qxe7 10. f4 a5 11. Nf3 Ba6 12. Nd1 b4 13. axb4 axb4 14. Ne3 c5 15. c4 bxc3 16. bxc3 O-O 17. Be2 Nb6 18. O-O Bxe2 19. Qxe2 N8d7 20. Qb5 Rfc8 21. Rfb1 cxd4 22. cxd4 h6 23. h3 Kh7 24. Qd3 Rxa1 25. Rxa1 Kg8 26. Qb5 Kh7 27. Ra7 Qe8 28. Qb1 Kh8 29. g4 fxg4 30. hxg4 Rc3 31. Kf2 Nc4 32. Nxc4 Rxc4 33. Qa2 Rc8 34. Qa4 Nb6 35. Qxe8+ Rxe8 36. Ra6 Nc4 37. Kg3 Nd2 0-1


[Site "https://www.chess.com"]

[Event "Titled Tuesday Blitz September 13 Early 2022"]
[White "Piesik, Piotr"]
[Black "Molina, Roberto Junio Brito"]
[WhiteFideId "1136194"]
[BlackFideId "2109450"]
[WhiteElo "2221"]
[BlackElo "2403"]
[Result "1-0"]
[Round "10"]
[TimeControl "180+1"]
[Date "2022.09.13"]
[WhiteClock "0:00:02"]
[BlackClock "0:00:03"]

1. Nf3 d5 2. g3 c6 3. Bg2 Bg4 4. O-O Nd7 5. d3 e6 6. Nbd2 Bd6 7. e4 Ne7 8. h3 Bh5 9. Qe1 O-O 10. Nh4 e5 11. Nb3 f6 12. d4 a5 13. exd5 cxd5 14. dxe5 fxe5 15. Bg5 e4 16. Nd4 Rf7 17. g4 Bg6 18. Nxg6 hxg6 19. c4 Qb6 20. Rd1 Be5 21. Be3 Nc5 22. Nb3 d4 23. Nxd4 Bf4 24. Nb3 Bxe3 25. Qxe3 Rc8 26. Bxe4 a4 27. Nxc5 Rxc5 28. Rd7 Qa5 29. Bxg6 Rf6 30. Qxe7 Rxg6 31. Rd8+ Kh7 32. Qe8 Rf6 33. Qh8+ Kg6 34. Rd7 Rf7 35. Rxf7 Kxf7 36. Rd1 Qc7 37. b3 axb3 38. axb3 Re5 39. Rd3 b5 40. Rf3+ Kg6 41. Qf8 bxc4 42. bxc4 Qxc4 43. Kg2 Qd5 44. Qf4 Qe6 45. h4 Kh7 46. Kg3 Qe7 47. Re3 Rxe3+ 48. Qxe3 Qd6+ 49. Qf4 Qd1 50. Qe4+ Kg8 51. h5 Qg1+ 52. Qg2 Qc1 53. Qd5+ Kh8 54. Qd8+ Kh7 55. Qd3+ Kg8 56. Qf3 Qg1+ 57. Kh3 Qf1+ 58. Kh4 Qc1 59. g5 Qg1 60. g6 Qh2+ 61. Kg4 Qg1+ 62. Kf5 Qb1+ 63. Qe4 Qb5+ 64. Kg4 Qd7+ 65. Qf5 Qd1+ 66. Kg3 Qg1+ 67. Kf3 Qd1+ 68. Kf4 Qd2+ 69. Kg4 Qd1+ 70. f3 Qg1+ 71. Kf4 Qc1+ 72. Ke5 Qc5+ 73. Ke4 Qc2+ 74. Kf4 Qc1+ 75. Kg4 Qg1+ 76. Kh4 Qh1+ 77. Qh3 Qe1+ 78. Qg3 Qh1+ 79. Kg5 Qb1 80. Qf4 Qg1+ 81. Kf5 Qb1+ 82. Qe4 Qb8 83. h6 Qf8+ 84. Kg4 gxh6 85. Qe6+ Kg7 86. f4 h5+ 87. Kxh5 Qxf4 88. Qe7+ Kg8 89. Qh7+ Kf8 90. g7+ 1-0


[Site "https://www.chess.com"]

[Event "Titled Tuesday Blitz September 13 Early 2022"]
[White "Postny, Evgeny"]
[Black "Rustemov, Alexander"]
[WhiteFideId "2804344"]
[BlackFideId "4119002"]
[WhiteElo "2456"]
[BlackElo "2854"]
[Result "0-1"]
[Round "10"]
[TimeControl "180+1"]
[Date "2022.09.13"]
[WhiteClock "0:00:02"]
[BlackClock "0:00:44"]

1. e4 e6 2. d4 d5 3. Nd2 dxe4 4. Nxe4 Bd7 5. Nf3 Bc6 6. Bd3 Nd7 7. O-O Ngf6 8. Ned2 Be7 9. Nc4 Bd5 10. Ne3 Bc6 11. Re1 O-O 12. b3 b5 13. Bb2 b4 14. Ne5 Bb7 15. Qe2 a5 16. Rad1 Nb6 17. N3g4 Nbd5 18. Nxf6+ Nxf6 19. Bc4 Bd5 20. h3 c6 21. Rd3 Qc7 22. Rg3 g6 23. h4 Ne4 24. Re3 Nd6 25. h5 Bf6 26. Rh3 Nf5 27. Bd3 Rad8 28. Qg4 Bg7 29. hxg6 fxg6 30. Nxg6 hxg6 31. Qxg6 Rf6 32. Qh7+ Kf7 33. Qh5+ Kf8 34. Bc1 Qf7 35. Bg5 Qxh5 36. Rxh5 Nxd4 37. Bxf6 Bxf6 38. Rh7 Bg7 39. Re3 e5 40. Rg3 Rd7 41. Rg5 e4 42. Ba6 Nxc2 43. Rf5+ Rf7 44. Rg5 Nd4 45. Bc8 a4 46. bxa4 Bxa2 47. a5 b3 0-1


[Site "https://www.chess.com"]

[Event "Titled Tuesday Blitz September 13 Early 2022"]
[White "Pranav, V"]
[Black "Dubov, Daniil"]
[WhiteFideId "25060783"]
[BlackFideId "24126055"]
[WhiteElo "2390"]
[BlackElo "2791"]
[Result "0-1"]
[Round "10"]
[TimeControl "180+1"]
[Date "2022.09.13"]
[WhiteClock "0:00:01"]
[BlackClock "0:00:29"]

1. Nf3 d5 2. g3 Nf6 3. Bg2 c5 4. O-O e6 5. d3 Nc6 6. Nbd2 Be7 7. e4 O-O 8. e5 Ne8 9. Re1 b5 10. Nf1 a5 11. h4 b4 12. Bf4 a4 13. a3 Nc7 14. h5 h6 15. Ne3 Nb5 16. Ng4 Ncd4 17. Nxd4 Nxd4 18. c3 bxc3 19. bxc3 Nf5 20. Rb1 Ba6 21. Bf1 Qa5 22. Qc1 Rab8 23. Nf6+ Kh8 24. Rxb8 Rxb8 25. c4 Rd8 26. Ng4 dxc4 27. dxc4 Bb7 28. Bg2 Bxg2 29. Kxg2 Qa8+ 30. Kh3 Qf3 31. Qc2 Rd4 32. Nh2 Qxh5+ 33. Kg2 Qg6 34. Qc1 Rd3 35. Kf1 Qh5 36. g4 Qh3+ 37. Kg1 Nh4 38. Re3 Rd1+ 39. Qxd1 Qg2# 0-1


[Site "https://www.chess.com"]

[Event "Titled Tuesday Blitz September 13 Early 2022"]
[White "Priyanka Nutakki"]
[Black "Bilan, Danila"]
[WhiteFideId "25049615"]
[BlackFideId "24161918"]
[WhiteElo "1912"]
[BlackElo "2164"]
[Result "1-0"]
[Round "10"]
[TimeControl "180+1"]
[Date "2022.09.13"]
[WhiteClock "0:00:16"]
[BlackClock "0:00:02"]

1. d4 d5 2. Nf3 Nf6 3. Bf4 c5 4. e3 Nc6 5. Nbd2 cxd4 6. exd4 Bg4 7. c3 e6 8. h3 Bh5 9. Be2 Bd6 10. Ne5 Bxe2 11. Qxe2 Bxe5 12. dxe5 Nd7 13. O-O O-O 14. Rad1 Qc7 15. Rfe1 Ne7 16. h4 Rac8 17. h5 h6 18. Qg4 Nf5 19. Nf3 Qd8 20. Nd4 Nxd4 21. Rxd4 Kh8 22. Re3 Rg8 23. Rg3 Rc4 24. Qd1 Rxd4 25. Qxd4 Qh4 26. Rh3 Qg4 27. Qd2 Kh7 28. b3 Qf5 29. Qe3 Rc8 30. Kh2 b6 31. Bg3 Nc5 32. Bf4 Ne4 33. c4 dxc4 34. g4 Nxf2 35. gxf5 Ng4+ 36. Kg1 Nxe3 37. Rxe3 exf5 38. Rc3 b5 39. Kf2 g6 40. Ke3 cxb3 41. hxg6+ Kxg6 42. Rxc8 b2 43. Rg8+ Kh5 44. Rg1 1-0


[Site "https://www.chess.com"]

[Event "Titled Tuesday Blitz September 13 Early 2022"]
[White "Prohaszka, Peter"]
[Black "Aloma Vidal, Robert"]
[WhiteFideId "726265"]
[BlackFideId "2260409"]
[WhiteElo "2626"]
[BlackElo "2435"]
[Result "0-1"]
[Round "10"]
[TimeControl "180+1"]
[Date "2022.09.13"]
[WhiteClock "0:00:01"]
[BlackClock "0:00:20"]

1. Nf3 d5 2. g3 Bg4 3. Bg2 Nd7 4. h3 Bh5 5. c4 dxc4 6. Na3 e5 7. Nxc4 e4 8. Nfe5 Ngf6 9. Qc2 Nxe5 10. Nxe5 Bd6 11. Nc4 O-O 12. b3 Re8 13. Bb2 b5 14. Ne3 c5 15. a4 a6 16. g4 Bg6 17. axb5 axb5 18. Rxa8 Qxa8 19. O-O h5 20. Ra1 Qc8 21. g5 Nd7 22. Ra6 Qxa6 23. Nd5 Qa2 24. Nc3 Qa8 25. Nxb5 Be5 26. Bxe5 Rxe5 27. h4 Qb8 28. Qc4 Nb6 29. Qc3 Nd5 30. Qg3 Re8 31. Nd6 Rd8 32. Nxe4 Bxe4 33. Qxb8 Rxb8 34. Bxe4 Nf4 35. e3 Ne2+ 36. Kf1 Nc1 37. Ke1 Nxb3 38. g6 Rd8 39. d3 fxg6 40. Bxg6 Kf8 41. Ke2 Rd6 42. Bf5 g6 43. Be4 Kg7 44. f4 Kf6 45. Ke1 c4 46. dxc4 Nc5 47. Bc2 Rb6 48. Kd2 Rb2 49. Kc3 Ra2 50. e4 Ne6 51. e5+ Kf7 0-1


[Site "https://www.chess.com"]

[Event "Titled Tuesday Blitz September 13 Early 2022"]
[White "Samsonkin, Artiom"]
[Black "Gabdrakhmanov, Azat"]
[WhiteFideId "13503111"]
[BlackFideId "34189197"]
[WhiteElo "2524"]
[BlackElo "2233"]
[Result "1/2-1/2"]
[Round "10"]
[TimeControl "180+1"]
[Date "2022.09.13"]
[WhiteClock "0:00:04"]
[BlackClock "0:00:22"]

1. e4 c5 2. Nf3 e6 3. Nc3 a6 4. d4 cxd4 5. Nxd4 Qc7 6. Bd3 Nf6 7. Qe2 d6 8. f4 b5 9. e5 dxe5 10. fxe5 Nfd7 11. Nxe6 fxe6 12. Qh5+ g6 13. Bxg6+ hxg6 14. Qxg6+ Kd8 15. Bg5+ Be7 16. Bxe7+ Kxe7 17. Qg7+ Ke8 18. Qxh8+ Nf8 19. Ne4 Qe7 20. O-O-O Nd7 21. Rhf1 Ra7 22. Nd6+ Kd8 23. Nxc8 Kxc8 24. Rxd7 Rxd7 25. Qxf8+ Kc7 26. Qa8 Qg5+ 27. Kb1 Qxe5 28. Qxa6 Qe2 29. Qa7+ Kc6 30. Qa8+ Kc7 31. Rc1 Rd1 32. Qa7+ Kc6 33. Qa6+ Kc7 34. Qa5+ Kb7 35. b3 Rxc1+ 36. Kxc1 Qxg2 37. Qxb5+ Kc7 38. Qe5+ Kd7 39. Kb2 Qf3 40. a4 Qg4 41. a5 Kc6 42. a6 Kb6 43. Qd6+ Ka7 44. b4 Qg7+ 45. Kb3 Qa1 46. b5 Qb1+ 47. Kc4 Qxc2+ 48. Kd4 Qf2+ 49. Ke5 Qf5+ 50. Kd4 Qf2+ 51. Kc4 Qc2+ 52. Kb4 Qb2+ 53. Kc4 Qc2+ 1/2-1/2


[Site "https://www.chess.com"]

[Event "Titled Tuesday Blitz September 13 Early 2022"]
[White "Samunenkov, Ihor"]
[Black "Williams, Simon K"]
[WhiteFideId "14187086"]
[BlackFideId "404454"]
[WhiteElo "2441"]
[BlackElo "2468"]
[Result "1-0"]
[Round "10"]
[TimeControl "180+1"]
[Date "2022.09.13"]
[WhiteClock "0:00:03"]
[BlackClock "0:00:08"]

1. d4 e6 2. c4 f5 3. g3 Nf6 4. Bg2 Be7 5. Nc3 O-O 6. Nf3 d6 7. O-O Ne4 8. Nxe4 fxe4 9. Nd2 d5 10. Nb1 c5 11. cxd5 exd5 12. Nc3 c4 13. b3 Bb4 14. Bd2 Qa5 15. Qc1 Nc6 16. e3 cxb3 17. axb3 Qd8 18. Ne2 Bd6 19. h3 Be6 20. Qb2 Qd7 21. Kh2 g5 22. b4 h5 23. b5 Ne7 24. Rab1 h4 25. Bb4 Nf5 26. Bxd6 Nxd6 27. Qb4 Nc4 28. Rbc1 Rac8 29. gxh4 gxh4 30. Nf4 Bf7 31. Rg1 Kh8 32. Qe1 Qe7 33. Bf1 Nd6 34. Be2 Rxc1 35. Qxc1 Be8 36. Qc5 Bf7 37. Rg2 Rc8 38. Nxd5 Rxc5 39. Nxe7 Rc2 40. f3 exf3 41. Bxf3 Rxg2+ 42. Kxg2 a5 43. bxa6 bxa6 44. Bd5 Kg7 45. Kf3 a5 46. Bxf7 Kxf7 47. Nd5 a4 48. e4 Ke6 49. Nc3 a3 50. Kf4 Nb5 51. d5+ Kd7 52. Na2 Kd6 53. Kg4 Ke5 54. Kxh4 Kxe4 55. Kg5 Kxd5 56. h4 Nd6 57. h5 Kc4 58. Kg6 Kb3 59. h6 Kxa2 60. h7 Kb1 61. h8=Q a2 62. Qh1+ Kb2 63. Qg2+ Kb1 64. Qf1+ Kb2 65. Qe2+ Kb1 66. Qd1+ Kb2 67. Qd2+ Kb1 68. Qb4+ Ka1 69. Kf6 Nb5 70. Ke5 Na3 71. Ke4 Nc2 72. Qc3+ Kb1 73. Qb3+ Ka1 74. Kd3 Nb4+ 75. Kc3 Nd5+ 76. Qxd5 1-0


[Site "https://www.chess.com"]

[Event "Titled Tuesday Blitz September 13 Early 2022"]
[White "Sargsyan, Anna M."]
[Black "Narayanan, Srinath"]
[WhiteFideId "13308130"]
[BlackFideId "5018420"]
[WhiteElo "2271"]
[BlackElo "2459"]
[Result "0-1"]
[Round "10"]
[TimeControl "180+1"]
[Date "2022.09.13"]
[WhiteClock "0:00:01"]
[BlackClock "0:00:05"]

1. d4 Nf6 2. c4 e6 3. Nf3 d5 4. Nc3 dxc4 5. e4 b5 6. e5 Nd5 7. Nxb5 Nb6 8. Be3 Bb7 9. Be2 Nc6 10. O-O Be7 11. Rc1 g5 12. Nd2 a6 13. Nc3 Nxd4 14. Nxc4 Nxc4 15. Bxc4 Nf5 16. Qa4+ Qd7 17. Qb3 Qc6 18. Nd5 Nxe3 19. Bb5 axb5 20. Rxc6 Nxd5 21. Qxb5 O-O-O 22. Rc4 Nf4 23. a4 Rd5 24. Qb6 Rd7 25. a5 Bd5 26. Qa6+ Kd8 27. Rc3 Bxg2 28. Rfc1 Bd5 29. Rxc7 Rxc7 30. Rxc7 Kxc7 31. Qb6+ Kd7 32. Qa7+ Ke8 33. Qb8+ Bd8 34. a6 Ne2+ 35. Kf1 Nd4 36. a7 Nf3 37. Qb5+ Kf8 38. Qxd5 exd5 39. a8=Q Kg7 40. Qa3 Nxh2+ 41. Kg2 Ng4 42. Qf3 h5 43. Qxd5 Be7 44. e6 Rd8 45. Qf5 f6 0-1


[Site "https://www.chess.com"]

[Event "Titled Tuesday Blitz September 13 Early 2022"]
[White "Shimanov, Aleksandr"]
[Black "Bok, Benjamin"]
[WhiteFideId "4198603"]
[BlackFideId "1017063"]
[WhiteElo "2605"]
[BlackElo "2658"]
[Result "1-0"]
[Round "10"]
[TimeControl "180+1"]
[Date "2022.09.13"]
[WhiteClock "0:02:18"]
[BlackClock "0:00:19"]

1. e4 c5 2. Nf3 d6 3. d4 cxd4 4. Qxd4 Nf6 5. Bg5 Nc6 6. Bb5 Bd7 7. Qd3 e6 8. Nc3 Be7 9. O-O-O a6 10. Bxc6 Bxc6 11. Nd4 Rc8 12. f4 O-O 13. Qg3 b5 14. e5 Nd5 15. Nxc6 Rxc6 16. Nxd5 exd5 17. Bh6 Bf6 18. exf6 Qxf6 19. Bg5 Qg6 20. Qd3 h6 21. Qxg6 fxg6 22. Bh4 Rxf4 23. Bg3 Rfc4 24. Rd2 Kf7 25. Re1 d4 26. Re4 1-0


[Site "https://www.chess.com"]

[Event "Titled Tuesday Blitz September 13 Early 2022"]
[White "Solon, Nathan"]
[Black "Csonka, Balazs"]
[WhiteFideId "2017229"]
[BlackFideId "742910"]
[WhiteElo "2622"]
[BlackElo "2404"]
[Result "0-1"]
[Round "10"]
[TimeControl "180+1"]
[Date "2022.09.13"]
[WhiteClock "0:00:16"]
[BlackClock "0:00:16"]

1. e4 e6 2. d3 c5 3. Nf3 Nc6 4. g3 d5 5. Qe2 Nge7 6. Bg2 g6 7. O-O Bg7 8. Re1 O-O 9. e5 h6 10. h4 b5 11. Nbd2 a5 12. Nf1 b4 13. N1h2 Ba6 14. Ng4 Nf5 15. Bf4 h5 16. Ne3 Ncd4 17. Qd1 Rc8 18. Nxd4 Nxd4 19. c3 bxc3 20. bxc3 Nb5 21. Rc1 d4 22. cxd4 cxd4 23. Nc4 Nc3 24. Qb3 Bxc4 25. dxc4 Qc7 26. Bf1 Qc5 27. Bd3 Rb8 28. Qc2 Rb4 29. Bd2 Bxe5 30. Bxg6 fxg6 31. Qxg6+ Bg7 32. Rxc3 dxc3 33. Bxc3 Qxf2+ 34. Kh1 Qf3+ 35. Kh2 Qxc3 0-1


[Site "https://www.chess.com"]

[Event "Titled Tuesday Blitz September 13 Early 2022"]
[White "Tari, Aryan"]
[Black "Vidit, Santosh Gujrathi"]
[WhiteFideId "1510045"]
[BlackFideId "5029465"]
[WhiteElo "2612"]
[BlackElo "2654"]
[Result "0-1"]
[Round "10"]
[TimeControl "180+1"]
[Date "2022.09.13"]
[WhiteClock "0:00:03"]
[BlackClock "0:00:11"]

1. e4 c5 2. Nc3 Nc6 3. f4 g6 4. Nf3 Bg7 5. Bb5 Nd4 6. O-O Nxb5 7. Nxb5 d6 8. d3 a6 9. Nc3 b5 10. Qe1 b4 11. Nd5 e6 12. Ne3 Ne7 13. Kh1 O-O 14. Rb1 f5 15. e5 dxe5 16. Nxe5 Bb7 17. N3c4 Nd5 18. Qf2 Qc7 19. Bd2 a5 20. Rbe1 a4 21. Nf3 Rfe8 22. Qh4 Bf6 23. Qg3 Ba6 24. Nfe5 Rad8 25. Re2 Bg7 26. Rfe1 Nb6 27. b3 axb3 28. axb3 Nd5 29. h4 Nf6 30. Nf3 Nh5 31. Qh2 Bb7 32. Ng5 Bd5 33. Nxe6 Bxe6 34. Rxe6 Rxe6 35. Rxe6 Ra8 36. Re1 Bd4 37. Qh3 Qd8 38. Be3 Bc3 39. Rf1 Ra2 40. Bxc5 Rxc2 41. Bf2 Nxf4 42. Qf3 Nh5 43. d4 Nf6 44. Ne5 Ne4 45. Bg3 Qxd4 46. Nc4 Ra2 47. Be5 Qd8 48. Qf4 Bxe5 49. Qxe5 Qxh4+ 50. Kg1 Qg5 0-1


[Site "https://www.chess.com"]

[Event "Titled Tuesday Blitz September 13 Early 2022"]
[White "Ter-Sahakyan, Samvel"]
[Black "Sadhwani, Raunak"]
[WhiteFideId "13302531"]
[BlackFideId "35093487"]
[WhiteElo "2604"]
[BlackElo "2656"]
[Result "1-0"]
[Round "10"]
[TimeControl "180+1"]
[Date "2022.09.13"]
[WhiteClock "0:00:16"]
[BlackClock "0:00:07"]

1. e4 e5 2. Nf3 Nc6 3. Bb5 Nge7 4. Nc3 Ng6 5. h4 Nd4 6. h5 Nf4 7. Nxd4 exd4 8. Qf3 Ne6 9. Ne2 c6 10. Bc4 b5 11. Bb3 c5 12. Bd5 Rb8 13. d3 Rb6 14. Ng3 Bb7 15. Bd2 b4 16. Nf5 Rg8 17. a3 bxa3 18. Rxa3 Rxb2 19. O-O g6 20. Ng3 Qb8 21. Rfa1 Bd6 22. Rxa7 Bxd5 23. exd5 Rb1+ 24. Rxb1 Qxb1+ 25. Kh2 Nc7 26. Qf6 Qb6 27. Bg5 Bxg3+ 28. fxg3 Qxf6 29. Bxf6 1-0


[Site "https://www.chess.com"]

[Event "Titled Tuesday Blitz September 13 Early 2022"]
[White "Vaibhav Jayant Raut"]
[Black "Barria Zuniga, Daniel"]
[WhiteFideId "5089034"]
[BlackFideId "3400816"]
[WhiteElo "2122"]
[BlackElo "2414"]
[Result "1-0"]
[Round "10"]
[TimeControl "180+1"]
[Date "2022.09.13"]
[WhiteClock "0:00:54"]
[BlackClock "0:00:02"]

1. e4 c5 2. b3 Nc6 3. Bb2 d5 4. exd5 Qxd5 5. Nc3 Qd7 6. Nf3 Nh6 7. Bc4 Nf5 8. O-O e6 9. Ne4 Be7 10. Re1 O-O 11. a4 b6 12. Neg5 Qd6 13. Ne4 Qc7 14. Ng3 Nd6 15. Bd3 Bb7 16. Nh5 g6 17. Nf6+ Bxf6 18. Bxf6 Rae8 19. Ng5 Nf5 20. Qg4 h5 21. Qh3 Ncd4 22. Rab1 Qf4 23. c3 Nc6 24. Ne4 Ne5 25. Bg5 Nxd3 26. Bxf4 Nxf4 27. Qf3 Nd6 28. Nf6+ Kg7 29. Qxf4 1-0


[Site "https://www.chess.com"]

[Event "Titled Tuesday Blitz September 13 Early 2022"]
[White "Visakh N R"]
[Black "Yurovskykh, Oleksandr"]
[WhiteFideId "25012223"]
[BlackFideId "14134020"]
[WhiteElo "2448"]
[BlackElo "2303"]
[Result "1-0"]
[Round "10"]
[TimeControl "180+1"]
[Date "2022.09.13"]
[WhiteClock "0:02:16"]
[BlackClock "0:00:12"]

1. e4 d5 2. Nc3 d4 3. Nce2 e5 4. c3 d3 5. Ng3 c5 6. Qb3 Nc6 7. Qb5 h5 8. Qxd3 Qb6 9. Nf3 g6 10. Be2 h4 11. Nf1 h3 12. g3 Nge7 13. Ne3 Be6 14. Nd5 Nxd5 15. exd5 O-O-O 16. c4 Bf5 17. Qb3 Qxb3 18. axb3 Nb4 19. Rxa7 f6 20. Ra8+ Kc7 21. Rxd8 Kxd8 22. Nh4 Bc2 23. d3 Bxd3 24. Bxd3 Nxd3+ 25. Ke2 Nxc1+ 26. Rxc1 Rg8 27. Ra1 Kc7 28. Ra8 f5 29. Nf3 e4 30. Ng5 Rh8 31. Rxf8 1-0


[Site "https://www.chess.com"]

[Event "Titled Tuesday Blitz September 13 Early 2022"]
[White "Wachinger, Guenther"]
[Black "Ibrahimli, Murad"]
[WhiteFideId "4604261"]
[BlackFideId "13410229"]
[WhiteElo "2212"]
[BlackElo "2109"]
[Result "0-1"]
[Round "10"]
[TimeControl "180+1"]
[Date "2022.09.13"]
[WhiteClock "0:00:01"]
[BlackClock "0:00:25"]

1. e4 c6 2. d4 d5 3. e5 Bf5 4. g4 Be4 5. f3 Bg6 6. e6 fxe6 7. h4 e5 8. h5 Bf7 9. dxe5 e6 10. Nh3 Nd7 11. f4 h6 12. Be3 Bc5 13. Qf3 Qb6 14. Bxc5 Qxb2 15. Qc3 Qxc3+ 16. Nxc3 Nxc5 17. Rb1 Ne7 18. Nf2 O-O-O 19. Nd3 Nxd3+ 20. Bxd3 Rhf8 21. Ke2 Kc7 22. Rbf1 a6 23. f5 c5 24. f6 gxf6 25. exf6 Nc6 26. Bg6 Ne5 27. Nd1 Rg8 28. Nf2 Nxg6 29. hxg6 Rxg6 30. g5 Rxg5 31. Rxh6 Kd6 32. Rh7 Rd7 33. c4 Bh5+ 34. Rxh5 Rxh5 35. Ne4+ Kc6 36. f7 Rxf7 37. Rxf7 dxe4 38. Ke3 Rh2 39. Rf6 Kd6 40. Rf7 b5 41. a4 bxa4 42. Kxe4 Rh4+ 43. Kd3 Rh3+ 44. Kc2 Ke5 45. Rd7 a3 46. Ra7 Kd4 47. Rxa6 e5 48. Ra4 e4 49. Ra8 Kxc4 0-1


[Site "https://www.chess.com"]

[Event "Titled Tuesday Blitz September 13 Early 2022"]
[White "Xiong, Jeffery"]
[Black "Zhigalko, Sergei"]
[WhiteFideId "2047640"]
[BlackFideId "13502956"]
[WhiteElo "2714"]
[BlackElo "2662"]
[Result "1-0"]
[Round "10"]
[TimeControl "180+1"]
[Date "2022.09.13"]
[WhiteClock "0:00:44"]
[BlackClock "0:00:03"]

1. d4 Nf6 2. c4 e6 3. Nf3 b6 4. g3 Ba6 5. Nbd2 Bb4 6. Qc2 Bb7 7. a3 Be4 8. Qd1 Bxd2+ 9. Qxd2 d6 10. Bg2 Nbd7 11. O-O a5 12. b3 O-O 13. Bb2 h6 14. Rfe1 Re8 15. Qc3 Qb8 16. Bh3 b5 17. Nd2 bxc4 18. bxc4 Nb6 19. Qb3 Nxc4 20. Qxb8 Rexb8 21. Nxc4 d5 22. Nxa5 Rxb2 23. Nc6 Ra4 24. f3 Bg6 25. Bf1 Rb3 26. Rec1 Ne8 27. Kf2 Kf8 28. Ne5 Bh7 29. Nd7+ Ke7 30. Nc5 Raxa3 31. Nxb3 Rxb3 32. Ra2 h5 33. e3 Bd3 34. Bxd3 Rxd3 35. Rb1 Rc3 36. Ke2 Nd6 37. Kd2 Rc6 38. Kd3 Nc4 39. e4 Kd6 40. Ra7 Nb6 41. Rb5 g6 42. Rc5 Kd7 43. h4 Kd6 44. Rb7 Kd7 45. Rxc6 Kxc6 46. Rb8 Nd7 47. Re8 Kd6 48. e5+ Nxe5+ 49. dxe5+ Kxe5 50. Re7 c5 51. Rxf7 c4+ 52. Kc3 g5 53. hxg5 d4+ 54. Kxc4 1-0


[Site "https://www.chess.com"]

[Event "Titled Tuesday Blitz September 13 Early 2022"]
[White "Aaditya Dhingra"]
[Black "Papasimakopoulos, Alexandros"]
[WhiteFideId "25678191"]
[BlackFideId "4244125"]
[WhiteElo "1916"]
[BlackElo "2357"]
[Result "0-1"]
[Round "11"]
[TimeControl "180+1"]
[Date "2022.09.13"]
[WhiteClock "0:00:19"]
[BlackClock "0:01:19"]

1. Nf3 d5 2. c4 e6 3. g3 Nf6 4. Bg2 Be7 5. O-O O-O 6. b3 b6 7. Bb2 Bb7 8. cxd5 Nxd5 9. a3 c5 10. d4 Bf6 11. e4 Nc7 12. e5 Be7 13. dxc5 bxc5 14. Nc3 Nc6 15. Na4 Rb8 16. Qc1 Na6 17. Rd1 Qc7 18. h4 h6 19. Qf4 Na5 20. b4 cxb4 21. axb4 Nb3 22. Ra3 Qc2 23. Rd7 Bxb4 24. Ne1 Bxe1 25. Bxb7 Nac5 26. Rc7 Rxb7 27. Rxb7 Nxb7 0-1


[Site "https://www.chess.com"]

[Event "Titled Tuesday Blitz September 13 Early 2022"]
[White "Aloma Vidal, Robert"]
[Black "Belov, Vladimir"]
[WhiteFideId "2260409"]
[BlackFideId "4132394"]
[WhiteElo "2435"]
[BlackElo "2501"]
[Result "1/2-1/2"]
[Round "11"]
[TimeControl "180+1"]
[Date "2022.09.13"]
[WhiteClock "0:00:19"]
[BlackClock "0:00:22"]

1. e4 c5 2. c3 d5 3. exd5 Qxd5 4. Nf3 Nf6 5. d4 Bg4 6. Nbd2 Nc6 7. Bc4 Bxf3 8. Qb3 Na5 9. Qb5+ Qd7 10. Nxf3 Nxc4 11. Qxc4 cxd4 12. Nxd4 e6 13. O-O Be7 14. h3 O-O 15. Bf4 Nd5 16. Bg3 a6 17. a4 Nb6 18. Qb3 Bc5 19. Rfd1 Qe7 20. a5 Nd5 21. Rd3 Rfd8 22. Re1 Bxd4 23. Rxd4 Nf6 24. Be5 Rxd4 25. Bxd4 Rd8 26. Bxf6 gxf6 27. g3 f5 28. Qc4 Rd2 29. b4 Qd7 30. Qf4 Qd5 31. Qg5+ Kf8 32. Qh6+ Kg8 33. h4 Rd1 34. Qg5+ Kf8 35. Rxd1 Qxd1+ 36. Kg2 Qd5+ 37. Kh2 Qf3 38. Kg1 Qd1+ 39. Kg2 Qd5+ 40. f3 Qd3 41. Qf6 Qe2+ 42. Kg1 Qxf3 43. Qd8+ Kg7 44. Qg5+ Kf8 45. Qd8+ Kg7 46. Qg5+ Kf8 47. Qd8+ 1/2-1/2


[Site "https://www.chess.com"]

[Event "Titled Tuesday Blitz September 13 Early 2022"]
[White "Aradhya, Garg"]
[Black "Williams, Simon K"]
[WhiteFideId "25006746"]
[BlackFideId "404454"]
[WhiteElo "2223"]
[BlackElo "2468"]
[Result "0-1"]
[Round "11"]
[TimeControl "180+1"]
[Date "2022.09.13"]
[WhiteClock "0:00:14"]
[BlackClock "0:00:14"]

1. d4 e6 2. Nf3 f5 3. g3 Nf6 4. Bg2 Be7 5. O-O O-O 6. c4 d6 7. Nc3 Ne4 8. Qc2 Nxc3 9. Qxc3 a5 10. b3 Nc6 11. Bb2 Bf6 12. Rad1 Qe8 13. Qe3 e5 14. dxe5 dxe5 15. Ba3 Be7 16. Bxe7 Qxe7 17. Rd2 f4 18. gxf4 Rxf4 19. Rd5 Rf5 20. Kh1 Rh5 21. Rg1 Qf6 22. Bf1 Be6 23. Rb5 b6 24. Rg5 Rxg5 25. Qxg5 Rd8 26. Kg2 e4 27. Qxf6 gxf6 28. Nh4 Nd4 29. Rh5 Bg4 30. Rd5 Rxd5 31. cxd5 Bxe2 32. Bxe2 Nxe2 33. f3 exf3+ 34. Kxf3 Nc3 35. d6 cxd6 36. Nf5 Nxa2 37. Nxd6 Nc1 38. Nc4 Nxb3 39. Nxb6 Kf7 40. Ke4 Kg6 41. Kf4 Nc5 42. h4 a4 43. Nc4 Ne6+ 44. Kg4 f5+ 45. Kg3 Nd4 46. Kf4 Ne2+ 47. Ke5 f4 48. Ke4 Kh5 49. Kf3 Nd4+ 50. Kxf4 Kxh4 51. Na3 h5 52. Ke4 Nb3 53. Kf4 Kh3 54. Kf3 h4 55. Nc4 Nd4+ 56. Kf2 Nb5 57. Nd2 a3 58. Nb3 a2 59. Na1 Nd4 60. Ke3 Kg2 61. Kxd4 h3 62. Kc3 h2 63. Kb2 h1=Q 64. Kxa2 Kf3 65. Nb3 Ke4 66. Kb2 Kd3 67. Nc1+ Kc4 68. Kc2 Qg2+ 69. Kb1 Kc3 70. Na2+ Kb3 71. Nc1+ Ka3 72. Nd3 Qd2 73. Ka1 Qa2# 0-1


[Site "https://www.chess.com"]

[Event "Titled Tuesday Blitz September 13 Early 2022"]
[White "Atakhan, Abtin"]
[Black "Dushyant Sharma"]
[WhiteFideId "22502203"]
[BlackFideId "25065130"]
[WhiteElo "2087"]
[BlackElo "2144"]
[Result "1-0"]
[Round "11"]
[TimeControl "180+1"]
[Date "2022.09.13"]
[WhiteClock "0:01:50"]
[BlackClock "0:00:17"]

1. Nf3 d5 2. g3 e6 3. Bg2 Nf6 4. O-O Be7 5. c4 O-O 6. b3 c5 7. Bb2 d4 8. e3 Nc6 9. exd4 cxd4 10. Re1 Bc5 11. d3 Re8 12. a3 a5 13. Ne5 Nxe5 14. Rxe5 Bd6 15. Bxd4 Bxe5 16. Bxe5 Bd7 17. Bxb7 Ra7 18. Bg2 Ra6 19. Nc3 Bc6 20. Bxc6 Rxc6 21. Qf3 Rb6 22. Nb5 Qd7 23. d4 a4 24. bxa4 Rc8 25. c5 Ra6 26. Bxf6 gxf6 27. Qxf6 Rxa4 28. Nd6 Rca8 29. Re1 Rxa3 30. d5 Rf8 31. Re5 h6 32. Qxh6 f6 33. Rh5 Qg7 34. Qxg7+ Kxg7 35. dxe6 Ra1+ 36. Kg2 Re1 37. e7 Ra8 38. e8=Q Raxe8 39. Nxe8+ Rxe8 40. c6 Rc8 41. Rc5 Rc7 42. Kf3 Kg6 43. Kf4 Rxc6 44. Rxc6 1-0


[Site "https://www.chess.com"]